 Dungeon Crawl Stone Soup version 0.22-a0-880-gb7b0c8b (webtiles) character file.

42 Kuinu the Grasshopper (level 3, -2/30 HPs)
             Began as a Draconian Warper on July 30, 2018.
             Slain by an iguana (14 damage)
             ... on level 2 of the Dungeon.
             The game lasted 00:02:21 (951 turns).

Kuinu the Grasshopper (Draconian Warper)             Turns: 951, Time: 00:02:22

Health: -2/30      AC:  5    Str: 14    XL:     3   Next: 33%
Magic:  5/6        EV: 12    Int: 13    God:
Gold:   96         SH:  0    Dex: 10    Spells: 2/6 levels left

rFire    . . .     SeeInvis .   a - +0 falchion
rCold    . . .     Gourm    .   (no shield)
rNeg     . . .     Faith    .   (armour unavailable)
rPois    .         Spirit   .   (helmet restricted)
rElec    .         Reflect  .   (no cloak)
rCorr    .         Harm     .   (no gloves)
MR       .....                  (no boots)
Stlth    +.........             (no amulet)
HPRegen  0.10/turn              (no ring)
MPRegen  0.10/turn              (no ring)

@: shrouded (expiring)
A: unfitting armour, cold-blooded, AC +5
a: no special abilities


You were on level 2 of the Dungeon.
You were not hungry.

You visited 1 branch of the dungeon, and saw 2 of its levels.

You collected 96 gold pieces.

Inventory:

Hand Weapons
 a - a +0 falchion (weapon)
Missiles
 d - 5 tomahawks of dispersal (quivered)
Scrolls
 b - 3 scrolls of identify {unknown}
 c - a scroll of blinking
 e - a scroll of enchant weapon {unknown}
 j - a scroll of amnesia {unknown}
 l - 2 scrolls of teleportation {unknown}
Potions
 g - a potion of might {unknown}
 h - 2 potions of mutation {unknown}
 i - 2 potions of heal wounds {unknown}
 k - a potion of degeneration {unknown}
Comestibles
 f - 5 rations
 m - 2 chunks of flesh


   Skills:
 * Level 2.5 Fighting
 * Level 2.8 Long Blades
 - Level 0.8 Throwing
 + Level 2.4 Dodging
 + Level 2.2 Spellcasting
 * Level 3.3 Translocations


You had 2 spell levels left.
You knew the following spells:

 Your Spells              Type           Power        Failure   Level  Hunger
a - Shroud of Golubria    Chrm/Tloc      #.........   19%         2    ###....
b - Blink                 Tloc           N/A          10%         2    ###....

Your spell library contained the following spells:

 Spells                   Type           Power        Failure   Level  Hunger
 Teleport Other           Tloc           ##......     19%         3    ####...
 Passage of Golubria      Tloc           N/A          54%         4    #####..
 Gell's Gravitas          Tloc           ##........   19%         3    ####...
 Lesser Beckoning         Tloc           ##........   19%         3    ####...


Dungeon Overview and Level Annotations

Branches:
Dungeon (2/15)

Altars:


Innate Abilities, Weirdness & Mutations

Your plain brown scales are hard. (AC +5)
You cannot fit into any form of body armour.
You are cold-blooded and may be slowed by cold attacks.


Message History

You hit the iguana.
The iguana is lightly wounded.
The hobgoblin hits you. The iguana bites you!
* * * LOW HITPOINT WARNING * * *
You are too injured to fight recklessly!
You are too injured to fight recklessly!
You see here a leather armour.
Found 12 stones.
Casting: Shroud of Golubria (safe; 19% risk of failure)
Confirm with . or Enter, or press ? or * to list all spells.
Space distorts slightly along a thin shroud covering your body.
The hobgoblin hits you but does no damage.
The hobgoblin closely misses you.
You riposte.
You hit the hobgoblin.
Your tail-slap misses the hobgoblin.
The hobgoblin is almost dead.
The hobgoblin closely misses you.
Your shroud begins to fray at the edges.
There is a stone staircase leading up here.
The iguana bites you!
You die...

########.... .. #..........
... #.......... ....
#......... #..# #........#
..... #........# ###(.#
#........###...## ...
#..........g@...♣♣♣ ...
##..........l..#...♣ ...
#...............# P.. #..
#...............# ♣♣♣♣♣###..
#...............# ###.......#
#...............####..÷...##.#
#................[...........#
#.(..PP.........####..#######.
##...P.P..>.♣.♣## #...#=.....)


You could see an iguana and a hobgoblin.

Vanquished Creatures
  An adder (D:2)
  A worm (D:2)
  A dart slug (D:1)
  2 leopard geckos (D:1)
  A giant cockroach (D:1)
  5 goblins (D:1)
  2 hobgoblins (D:2)
  3 kobolds
  4 bats
  3 frilled lizards
  4 rats
27 creatures vanquished.

Notes
Turn   | Place    | Note
-------+----------+-------------------------------------------
     0 | D:1      | Kuinu the Draconian Warper began the quest for the Orb.
     0 | D:1      | Reached XP level 1. HP: 17/17 MP: 3/3
   133 | D:1      | Reached XP level 2. HP: 22/24 MP: 5/5
   151 | D:1      | Learned a level 2 spell: Shroud of Golubria
   155 | D:1      | Learned a level 2 spell: Blink
   569 | D:2      | Reached XP level 3. HP: 10/30 MP: 6/6
   951 | D:2      | Slain by an iguana

Vault maps used:
D:1:      dpeg_arrival_lava_temple_mockup, minmay_misc_feat_nine_boxes
D:2:      serial_forest, infiniplex_forest_lined_2, infiniplex_forest_end_2,
          infiniplex_forest_zigzag_1, infiniplex_forest_lined_1,
          infiniplex_forest_lined_2, infiniplex_forest_straight_3,
          infiniplex_forest_clump_small, infiniplex_forest_clump_tiny,
          infiniplex_forest_clump_double, infiniplex_forest_zigzag_2,
          corner_web_ring

Action                   || total
-------------------------++-------
Melee: Falchion          ||    80
       Tailslap          ||     9
 Cast: Shroud of Golubri ||     9
  Eat: Chunk             ||     1
Armor: Skin              ||    22
Dodge: Dodged            ||    62
       Rpst.: Falchion   ||    19

Table legend:
 A = Spawn XP
 B = Non-spawn XP
 C = Spawn XP percentage of total XP
 D = Spawn monster count
 E = Non-spawn monster count
 F = Spawn count percentage of total count
 G = Total turns spent on level
                    A         B        C        D         E        F      G
               +---------+---------+-------+---------+---------+-------+---------
         Total |       0 |      60 |   0.0 |       0 |      27 |   0.0 |   951
               +---------+---------+-------+---------+---------+-------+---------
           D:1 |       0 |      33 |   0.0 |       0 |      19 |   0.0 |   497
           D:2 |       0 |      27 |   0.0 |       0 |       8 |   0.0 |   454
               +---------+---------+-------+---------+---------+-------+---------
